XFBL
OAKLAND ATHLETICS @ DETROIT TIGERS
09/03/1982
 
TOP OF THE 1ST
Oakland Athletics batting - Pitching for Detroit Tigers : LHP Mike Maitland
Pitching: LHP Mike Maitland
Batting: RHB Willie Randolph 0-0: Ground out 3-1 (Groundball, 34, EV 86.9 MPH)
Batting: RHB Toby Harrah 0-0: Ball
1-0: SINGLE (Groundball, 6MD, EV 101.3 MPH) (infield hit)
Batting: LHB Ruppert Jones 0-0: Ball
Wild Pitch!
Toby Harrah to second
1-0: Foul Ball, location: 2F
1-1: Ball
2-1: Swinging Strike
2-2: Strikes out swinging
Batting: RHB George Hendrick 0-0: Fly out, F6 (Flyball, 6D, EV 92.5 MPH)
Top of the 1st over - 0 runs, 1 hit, 0 errors, 1 left on base; Oakland 0 - Detroit 0
BOTTOM OF THE 1ST
Detroit Tigers batting - Pitching for Oakland Athletics : LHP Matthew Sutherland
Pitching: LHP Matthew Sutherland
Batting: RHB Tack Wilson 0-0: Bunted foul
0-1: Ball
1-1: Ball
2-1: Swinging Strike
2-2: Strikes out swinging
Batting: SHB Lee Mazzilli 0-0: Ball
1-0: Foul Ball, location: 2F
1-1: Fly out, F9 (Flyball, 9LD, EV 87.5 MPH)
Batting: RHB Dave Kingman 0-0: Swinging Strike
0-1: Swinging Strike
0-2: Ball
1-2: Foul Ball, location: 2F
1-2: Ball
2-2: Foul Ball, location: 2F
2-2: Foul Ball, location: 2F
2-2: Foul Ball, location: 2F
2-2: Fly out, F8 (Flyball, 8RXD, EV 95.6 MPH)
Bottom of the 1st over - 0 runs, 0 hits, 0 errors, 0 left on base; Oakland 0 - Detroit 0
TOP OF THE 2ND
Oakland Athletics batting - Pitching for Detroit Tigers : LHP Mike Maitland
Batting: LHB Ben Oglivie 0-0: Foul Ball, location: 2F
0-1: Ball
1-1: Ball
2-1: Fly out, F9 (Line Drive, 9, EV 86.9 MPH)
Batting: LHB Reggie Jackson 0-0: Fly out, F8 (Flyball, 8LM, EV 97.5 MPH)
Batting: RHB Dave Henderson 0-0: Ball
1-0: Ball
2-0: Swinging Strike
2-1: Fly out, F9 (Line Drive, 9, EV 83.8 MPH)
Top of the 2nd over - 0 runs, 0 hits, 0 errors, 0 left on base; Oakland 0 - Detroit 0
BOTTOM OF THE 2ND
Detroit Tigers batting - Pitching for Oakland Athletics : LHP Matthew Sutherland
Batting: RHB Keith Moreland 0-0: Fly out, F4 (Flyball, 34D, EV 73.1 MPH)
Batting: RHB Larry Parrish 0-0: SINGLE (Groundball, 5S, EV 70.0 MPH) (infield hit)
Batting: LHB Jerry Tabb 0-0: Foul Ball, location: 2F
0-1: Ball
1-1: Called Strike
1-2: Grounds into double play, 6-4-3 (Groundball, 6, EV 99.4 MPH)
Bottom of the 2nd over - 0 runs, 1 hit, 0 errors, 0 left on base; Oakland 0 - Detroit 0
TOP OF THE 3RD
Oakland Athletics batting - Pitching for Detroit Tigers : LHP Mike Maitland
Batting: RHB Barry Foote 0-0: Ball
1-0: Foul Ball, location: 2F
1-1: Swinging Strike
1-2: Foul Ball, location: 2F
1-2: Ball
2-2: Ball
3-2: Fly out, F6 (Flyball, 56D, EV 85.0 MPH)
Batting: RHB Scott Fletcher 0-0: Called Strike
0-1: Foul Ball, location: 2F
0-2: Foul Ball, location: 2F
0-2: Foul Ball, location: 2F
0-2: Foul Ball, location: 2F
0-2: Ball
1-2: SINGLE (Groundball, 5D, EV 94.4 MPH)
Batting: RHB Willie Randolph 0-0: Swinging Strike
0-1: Ball
1-1: Swinging Strike
1-2: Ball
2-2: Foul Ball, location: 2F
2-2: Ball
3-2: Strikes out looking
Batting: RHB Toby Harrah 0-0: Ball
1-0: Ball
2-0: Ball
3-0: Base on Balls
Scott Fletcher to second
Batting: LHB Ruppert Jones 0-0: Swinging Strike
0-1: Foul Ball, location: 2F
0-2: Ball
1-2: Ground out U3 (Groundball, 3L, EV 88.1 MPH)
Top of the 3rd over - 0 runs, 1 hit, 0 errors, 2 left on base; Oakland 0 - Detroit 0
BOTTOM OF THE 3RD
Detroit Tigers batting - Pitching for Oakland Athletics : LHP Matthew Sutherland
Batting: RHB Jose Hidalgo 0-0: Called Strike
0-1: Foul Ball, location: 2F
0-2: SINGLE (Groundball, 25, EV 65.0 MPH) (infield hit)
Batting: RHB Joey McEndree 0-0: Ball
1-0: Called Strike
1-1: DOUBLE (Flyball, 89XD, EV 113.8 MPH)
Jose Hidalgo to third
Batting: RHB Mike Sproles 0-0: Ball
1-0: Ball
2-0: Ball
3-0: Called Strike
3-1: SINGLE (Flyball, 9LS, EV 87.5 MPH)
Jose Hidalgo scores
Joey McEndree to third
Runner from 3rd tries for Home, SAFE, throw by RF to home
Batting: RHB Tack Wilson 0-0: Fielders Choice at 2nd, 3-6 (Groundball, 3, EV 102.5 MPH)
Batting: SHB Lee Mazzilli 0-0: Ball
Tack Wilson is caught stealing 2nd base 2-4
1-0: Foul Ball, location: 2F
1-1: Foul Ball, location: 2F
1-2: Ball
2-2: SINGLE (Groundball, 6M, EV 91.9 MPH) (infield hit)
Batting: RHB Dave Kingman 0-0: Ball
1-0: SINGLE (Line Drive, 8RM, EV 111.9 MPH)
Lee Mazzilli to second
Runner from 2nd tries for 3rd, SAFE, throw by CF made to third
Batting: RHB Keith Moreland 0-0: Ball
1-0: Ball
2-0: Called Strike
2-1: Fly out, F9 (Flyball, 89S, EV 85.0 MPH)
Bottom of the 3rd over - 2 runs, 5 hits, 0 errors, 2 left on base; Oakland 0 - Detroit 2
TOP OF THE 4TH
Oakland Athletics batting - Pitching for Detroit Tigers : LHP Mike Maitland
Batting: RHB George Hendrick 0-0: Ball
1-0: Foul Ball, location: 2F
1-1: Ball
2-1: Foul Ball, location: 2F
2-2: Foul Ball, location: 2F
2-2: Ball
3-2: Base on Balls
Batting: LHB Ben Oglivie 0-0: Swinging Strike
0-1: Called Strike
0-2: SINGLE (Line Drive, 3D, EV 96.9 MPH)
George Hendrick to second
Runner from 2nd tries for 3rd, SAFE, throw by RF made to third
Batting: LHB Reggie Jackson 0-0: Called Strike
0-1: Ball
1-1: Ball
2-1: SINGLE (Groundball, 56, EV 96.3 MPH)
George Hendrick scores
Ben Oglivie to second
Batting: RHB Dave Henderson 0-0: Foul Ball, location: 2F
0-1: Called Strike
0-2: Strikes out swinging
Batting: RHB Barry Foote 0-0: Fly out, F3 (Popup, 3SF, EV 74.4 MPH)
Batting: RHB Scott Fletcher 0-0: Ball
1-0: Called Strike
1-1: Ball
2-1: Fly out, F8 (Flyball, 89XD, EV 95.0 MPH)
Top of the 4th over - 1 run, 2 hits, 0 errors, 2 left on base; Oakland 1 - Detroit 2
BOTTOM OF THE 4TH
Detroit Tigers batting - Pitching for Oakland Athletics : LHP Matthew Sutherland
Batting: RHB Larry Parrish 0-0: Ball
1-0: Ground out 5-3 (Groundball, 56S, EV 86.3 MPH)
Batting: LHB Jerry Tabb 0-0: Ball
1-0: Called Strike
1-1: Foul Ball, location: 2F
1-2: Foul Ball, location: 2F
1-2: Fly out, F5 (Popup, 5S, EV 70.0 MPH)
Batting: RHB Jose Hidalgo 0-0: Fly out, F4 (Flyball, 4D, EV 88.8 MPH)
Bottom of the 4th over - 0 runs, 0 hits, 0 errors, 0 left on base; Oakland 1 - Detroit 2
TOP OF THE 5TH
Oakland Athletics batting - Pitching for Detroit Tigers : LHP Mike Maitland
Batting: RHB Willie Randolph 0-0: Foul Ball, location: 2F
0-1: Swinging Strike
0-2: Strikes out swinging
Batting: RHB Toby Harrah 0-0: Ball
1-0: Called Strike
1-1: Ball
2-1: Swinging Strike
2-2: Foul Ball, location: 2F
2-2: Foul Ball, location: 2F
2-2: Ball
3-2: Foul Ball, location: 2F
3-2: Base on Balls
Batting: LHB Ruppert Jones 0-0: Called Strike
0-1: Ball
1-1: Ball
2-1: Swinging Strike
2-2: SINGLE (Groundball, 4D, EV 95.0 MPH)
Toby Harrah to second
Runner from 2nd tries for 3rd, SAFE, no throw by CF
Batting: RHB George Hendrick 0-0: Ball
1-0: Ball
2-0: Ball
3-0: Called Strike
3-1: Fly out, F8 (Flyball, 8LS, EV 93.8 MPH)
Runner from 3rd tags up, SCORES, throw by CF
Batting: LHB Ben Oglivie 0-0: Ball
1-0: Ball
2-0: Ball
3-0: Called Strike
3-1: Foul Ball, location: 2F
3-2: SINGLE (Groundball, 34D, EV 108.8 MPH)
Ruppert Jones to second
Ruppert Jones to third
Batting: LHB Reggie Jackson 0-0: Called Strike
0-1: Ball
1-1: Foul Ball, location: 2F
1-2: Foul Ball, location: 2F
1-2: Strikes out swinging
Top of the 5th over - 1 run, 2 hits, 0 errors, 2 left on base; Oakland 2 - Detroit 2
BOTTOM OF THE 5TH
Detroit Tigers batting - Pitching for Oakland Athletics : LHP Matthew Sutherland
Batting: RHB Joey McEndree 0-0: Called Strike
0-1: Ball
1-1: Ball
2-1: Foul Ball, location: 2F
2-2: Ball
3-2: Base on Balls
Batting: RHB Mike Sproles 0-0: Ball
Joey McEndree steals 2nd base
1-0: Called Strike
1-1: Fly out, F9 (Flyball, 9LM, EV 89.4 MPH)
Batting: RHB Tack Wilson 0-0: Called Strike
0-1: Ball
1-1: Ball
2-1: Ball
3-1: Base on Balls
Batting: SHB Lee Mazzilli 0-0: Called Strike
Joey McEndree steals 3rd base
Tack Wilson to second
0-1: SINGLE (Groundball, 56D, EV 108.1 MPH)
Joey McEndree scores
Tack Wilson to third
Runner from 3rd tries for Home, SAFE, throw by LF to home
Lee Mazzilli to second
Batting: RHB Dave Kingman 0-0: Ball
1-0: Reached on error, E6 (Groundball, 6, EV 85.6 MPH)
Lee Mazzilli to third
Batting: RHB Keith Moreland 0-0: Called Strike
0-1: Ball
1-1: Ball
2-1: DOUBLE (Line Drive, 9LD, EV 101.9 MPH)
Lee Mazzilli scores
Dave Kingman to third
Runner from 3rd tries for Home, throw by RF and OUT! 9-4-2
Keith Moreland to third
Batting: RHB Larry Parrish 0-0: Ball
1-0: Fly out, F7 (Flyball, 7S, EV 92.5 MPH)
Bottom of the 5th over - 3 runs, 2 hits, 1 error, 1 left on base; Oakland 2 - Detroit 5
TOP OF THE 6TH
Oakland Athletics batting - Pitching for Detroit Tigers : LHP Mike Maitland
Batting: RHB Dave Henderson 0-0: Ball
1-0: Ball
2-0: Ball
3-0: Foul Ball, location: 2F
3-1: Hit by Pitch
Batting: RHB Barry Foote 0-0: Ball
1-0: Foul Ball, location: 2F
1-1: Ball
2-1: Foul Ball, location: 2F
2-2: Fly out, F4 (Popup, 4S, EV 64.4 MPH)
Batting: RHB Scott Fletcher 0-0: Called Strike
0-1: SINGLE (Line Drive, 8RS, EV 95.0 MPH)
Dave Henderson to second
Runner from 2nd tries for 3rd, SAFE, no throw by CF
Batting: RHB Willie Randolph 0-0: Fielders Choice at 2nd, 6-4 (Groundball, 6, EV 103.8 MPH)
Dave Henderson scores
Batting: RHB Toby Harrah 0-0: Ball
1-0: Ball
2-0: Foul Ball, location: 2F
2-1: Foul Ball, location: 2F
2-2: Fielders Choice at 2nd, 6-4 (Groundball, 6D, EV 100.0 MPH)
Top of the 6th over - 1 run, 1 hit, 0 errors, 1 left on base; Oakland 3 - Detroit 5
BOTTOM OF THE 6TH
Detroit Tigers batting - Pitching for Oakland Athletics : LHP Matthew Sutherland
Batting: LHB Jerry Tabb 0-0: Swinging Strike
0-1: Ground out 4-3 (Groundball, 34D, EV 78.8 MPH)
Batting: RHB Jose Hidalgo 0-0: Ground out 5-3 (Groundball, 56S, EV 92.5 MPH)
Batting: RHB Joey McEndree 0-0: Foul Ball, location: 2F
0-1: Called Strike
0-2: Strikes out swinging
Bottom of the 6th over - 0 runs, 0 hits, 0 errors, 0 left on base; Oakland 3 - Detroit 5
TOP OF THE 7TH
Oakland Athletics batting - Pitching for Detroit Tigers : LHP Mike Maitland
Batting: LHB Ruppert Jones 0-0: Called Strike
0-1: Called Strike
0-2: Fly out, F4 (Popup, 4D, EV 68.1 MPH)
Batting: RHB George Hendrick 0-0: Fly out, F7 (Flyball, 7LS, EV 93.8 MPH)
Batting: LHB Ben Oglivie 0-0: Fly out, F4 (Popup, 4D, EV 53.8 MPH)
Top of the 7th over - 0 runs, 0 hits, 0 errors, 0 left on base; Oakland 3 - Detroit 5
BOTTOM OF THE 7TH
Detroit Tigers batting - Pitching for Oakland Athletics : LHP Matthew Sutherland
Pitching: LHP Bob Falcon
Batting: RHB Mike Sproles 0-0: Called Strike
0-1: Swinging Strike
0-2: Ball
1-2: Ball
2-2: Ball
3-2: Foul Ball, location: 2F
3-2: Strikes out looking
Batting: RHB Tack Wilson 0-0: Called Strike
0-1: Ball
1-1: Ground out 6-3 (Groundball, 6M, EV 90.6 MPH)
Batting: SHB Lee Mazzilli 0-0: Called Strike
0-1: Ball
1-1: Ground out 6-3 (Groundball, 6, EV 99.4 MPH)
Bottom of the 7th over - 0 runs, 0 hits, 0 errors, 0 left on base; Oakland 3 - Detroit 5
TOP OF THE 8TH
Oakland Athletics batting - Pitching for Detroit Tigers : LHP Mike Maitland
Batting: LHB Reggie Jackson 0-0: Ball
1-0: Swinging Strike
1-1: Called Strike
1-2: Ball
2-2: Ground out 4-3 (Groundball, 4S, EV 82.5 MPH)
Batting: RHB Dave Henderson 0-0: Ball
1-0: Foul Ball, location: 2F
1-1: Called Strike
1-2: Strikes out swinging, 2-3 out at first.
Batting: RHB Barry Foote 0-0: Ball
1-0: Ball
2-0: Ball
3-0: Base on Balls
Pitching: RHP J R Richard
Batting: RHB Scott Fletcher 0-0: Called Strike
0-1: Ball
1-1: Ball
2-1: Ball
3-1: Base on Balls
Barry Foote to second
Pinch Hitting: RHB Earl C Williams 0-0: Ball
1-0: Foul Ball, location: 2F
1-1: Foul Ball, location: 2F
1-2: Ball
2-2: Strikes out looking
Top of the 8th over - 0 runs, 0 hits, 0 errors, 2 left on base; Oakland 3 - Detroit 5
BOTTOM OF THE 8TH
Detroit Tigers batting - Pitching for Oakland Athletics : LHP Bob Falcon
Now at 3B: Earl C Williams
Batting: RHB Dave Kingman 0-0: Ball
1-0: Ball
2-0: Foul Ball, location: 2F
2-1: Ball
3-1: Base on Balls
Batting: RHB Keith Moreland 0-0: Foul Ball, location: 2F
0-1: Swinging Strike
0-2: Ball
1-2: Ball
2-2: Ball
3-2: Strikes out swinging
Dave Kingman steals 2nd base
Batter strikes out.
Batting: RHB Larry Parrish 0-0: Foul Ball, location: 2F
0-1: Foul Ball, location: 2F
0-2: Ball
1-2: Ball
2-2: Foul Ball, location: 2F
2-2: Strikes out swinging
Batting: LHB Jerry Tabb 0-0: Ball
1-0: Swinging Strike
1-1: Fly out, F7 (Line Drive, 7, EV 88.8 MPH)
Bottom of the 8th over - 0 runs, 0 hits, 0 errors, 1 left on base; Oakland 3 - Detroit 5
TOP OF THE 9TH
Oakland Athletics batting - Pitching for Detroit Tigers : RHP J R Richard
Now at SS: Tony Phillips
Now in CF: Raul Gonzalez
Now in RF: Rusty Kuntz
Batting: RHB Toby Harrah 0-0: Swinging Strike
0-1: Ball
1-1: Ball
2-1: Foul Ball, location: 2F
2-2: Fly out, F8 (Line Drive, 8LM, EV 96.3 MPH)
Batting: LHB Ruppert Jones 0-0: Called Strike
0-1: Called Strike
0-2: Ball
1-2: Ball
2-2: Foul Ball, location: 2F
2-2: Strikes out swinging
Batting: RHB George Hendrick 0-0: Swinging Strike
0-1: Ball
1-1: Ball
2-1: Ground out 4-3 (Groundball, 4, EV 91.9 MPH)
Top of the 9th over - 0 runs, 0 hits, 0 errors, 0 left on base; Oakland 3 - Detroit 5
Thursday, August 27th, 2020 - OOTP Baseball 21.5 Build 76